 Dungeon Crawl Stone Soup version 0.18.1-5-g4a78601 (webtiles) character file.

155 inmateoo the Chopper (level 5, -1/38 HPs)
             Began as a Mummy Skald on May 9, 2016.
             Slain by a worker ant (3 damage)
             ... on level 4 of the Dungeon.
             The game lasted 00:03:50 (4737 turns).

inmateoo the Chopper (Mummy Skald)                  Turns: 4737, Time: 00:03:50

Health: -1/38      AC:  4    Str: 16    XL:     5   Next: 14%
Magic:  8/8        EV:  8    Int: 11    God:
Gold:   179        SH:  7    Dex: 12    Spells: 1 memorised, 7 levels left

rFire  x . .     SeeInvis .     a - +0 hand axe
rCold  + . .     Gourm    .     b - +0 leather armour
rNeg   + + +     Faith    .     g - +0 shield
rPois  ∞         Spirit   .     (no helmet)
rElec  .         Dismiss  .     (no cloak)
rCorr  .         Reflect  .     (no gloves)
SustAt .         Harm     .     l - +0 pair of boots
MR     .....                    (no amulet)
Stlth  +.........               (no ring)
                                (no ring)

@: not resistant to hostile enchantments, very unstealthy
A: no food or potions, fire vulnerability, cold resistance 1, negative energy
resistance 3, torment resistance, unbreathing
a: no special abilities


You were on level 4 of the Dungeon.
You were not hungry.

You visited 1 branch of the dungeon, and saw 4 of its levels.

You collected 179 gold pieces.

Inventory:

Hand Weapons
 a - a +0 hand axe (weapon)
 i - a +0 dagger of protection
 j - a +0 long sword
Armour
 b - a +0 leather armour (worn)
 g - a +0 shield (worn)
 l - a +0 pair of boots (worn)
Scrolls
 e - a scroll of identify
 h - 3 scrolls of enchant weapon
 k - a scroll of magic mapping
Books
 c - a book of Battle

   Spells                             Type                      Level
   a - Infusion                       Charms                       1
   b - Shroud of Golubria             Charms/Translocation         2
   c - Song of Slaying                Charms                       2
   d - Spectral Weapon                Hexes/Charms                 3
   e - Regeneration                   Charms/Necromancy            3


   Skills:
 - Level 2.0 Fighting
 + Level 4.4 Axes
 - Level 0.7 Armour
 - Level 0.7 Dodging
 - Level 2.0 Spellcasting
 - Level 2.4 Charms


You had 7 spell levels left.
You knew the following spells:

 Your Spells              Type           Power        Failure   Level  Hunger
a - Infusion              Chrm           #...         91%         1    N/A

Dungeon Overview and Level Annotations

Branches:
Dungeon (4/15)
 Temple: D:4-7

Altars:
Fedhas


Innate Abilities, Weirdness & Mutations

You do not eat or drink.
Your flesh is vulnerable to fire.
You are immune to poison.
Your flesh is cold resistant.
You are immune to negative energy.
You are immune to unholy pain and torment.
You can survive without breathing.


Message History

The worker ant barely misses you. The worker ant bites you.
You closely miss the worker ant.
The worker ant is moderately wounded.
The worker ant bites you but does no damage.
You hit the worker ant but do no damage.
The worker ant is moderately wounded.
The worker ant bites you.
* * * LOW HITPOINT WARNING * * *
The worker ant closely misses you.
You hit the worker ant.
The worker ant is severely wounded.
The worker ant bites you.
* * * LOW HITPOINT WARNING * * *
You hit the worker ant but do no damage.
The worker ant is severely wounded.
The worker ant bites you but does no damage.
Your shield prevents you from hitting the worker ant.
The worker ant is severely wounded.
The worker ant bites you.
You die...

#############
#.....<.....#
#@###########
#a# .$. .#.##
..... .# #.#
.. ... .# #.#


You could see a worker ant.

Vanquished Creatures
  A worker ant (D:4)
  8 adders
  A worm (D:2)
  A dart slug (D:3)
  2 giant geckos
  6 orcs (D:3)
  6 bats
  A giant cockroach (D:3)
  4 goblins (D:1)
  6 hobgoblins
  A ball python (D:2)
  3 giant newts
  9 kobolds
  4 rats
53 creatures vanquished.

Notes
Turn   | Place    | Note
--------------------------------------------------------------
     0 | D:1      | inmateoo the Mummy Skald began the quest for the Orb.
     0 | D:1      | Reached XP level 1. HP: 16/16 MP: 3/3
   169 | D:1      | Reached skill level 2 in Axes
   252 | D:1      | Reached XP level 2. HP: 12/22 MP: 5/5
  1207 | D:2      | Found a blossoming altar of Fedhas.
  1552 | D:2      | HP: 1/22 [adder (4)]
  1553 | D:2      | Reached skill level 3 in Axes
  1553 | D:2      | Reached XP level 3. HP: 1/27 MP: 6/6
  2927 | D:2      | Reached XP level 4. HP: 19/33 MP: 7/7
  3760 | D:3      | Reached skill level 4 in Axes
  4728 | D:4      | Reached XP level 5. HP: 32/38 MP: 8/8
  4737 | D:4      | Slain by a worker ant

Skill      XL: |  1  2  3  4 |
---------------+-------------+-----
Axes           | 2 3 4 |  4.4
Fighting       | |  2.0
Armour         | |  0.7
Dodging        | |  0.7
Spellcasting   | |  2.0
Charms         | |  2.4

Action                   |  1- 3 |  4- 6 || total
-------------------------+-------+-------++-------
Melee: Hand axe          |   139 |    81 ||   220
       Long sword        |       |    19 ||    19
       Dagger            |       |     4 ||     4
  Use: Scroll            |     4 |     3 ||     7
Armor: Leather armour    |    36 |    27 ||    63
Dodge: Dodged            |    62 |    32 ||    94
Block: Shield            |    37 |    38 ||    75
